 Dungeon Crawl Stone Soup version 0.30.0-29-ga12c61a403 (webtiles) character file.

Game seed: 3074114835544597743

179 qw the Chopper (level 5, -2/32 HPs)
             Began as a Gargoyle Fighter on June 3, 2023.
             Killed from afar by Ijyb (20 damage)
             ... with a bolt of acid
             ... on level 3 of the Dungeon.
             The game lasted 00:01:15 (2048 turns).

qw the Chopper (Gargoyle Fighter)                   Turns: 2048, Time: 00:01:15

Health: -2/32      AC: 15    Str: 22    XL:     5   Next: 59%
Magic:  5/5        EV: 11    Int:  8    God:
Gold:   183        SH:  4    Dex:  9    Spells: 4/4 levels left

rFire   . . .        Y - +1 war axe
rCold   . . .        c - +0 buckler
rNeg    + . .        k - +0 plate armour
rPois   inf          g - +1 helmet
rElec   +            (no cloak)
rCorr   .            m - +0 pair of gloves
SInv    +            l - +0 pair of boots
Will    .....        (no amulet) Stlth
                     o - ring of see invisible
HPRegen 0.25/turn    b - +5 ring of evasion
MPRegen 0.09/turn

%: no passive effects
@: corroded
A: sickness immunity, AC +4, negative energy resistance 1, electricity
resistance, torment resistance 1, petrification resistance
a: no special abilities


You were on level 3 of the Dungeon.
You visited 1 branch of the dungeon, and saw 3 of its levels.

You collected 183 gold pieces.


Innate Abilities, Weirdness & Mutations

You are immune to sickness and miasma.
Your stone body is resilient. (AC +4)
You are immune to poison.
You resist negative energy. (rN+)
You are resistant to electric shocks. (rElec)
You are resistant to unholy torment.
You are immune to petrification.


   Skills:
 + Level 3.5 Fighting
 - Level 5.0 Axes
 - Level 3.2 Armour
 - Level 3.2 Shields


You had 4 spell levels left.
You didn't know any spells.
Your spell library was empty.

Inventory:

Hand Weapons
 a - the +4 flail of Parts Unknown {freeze, Fly rF+ Str+4}
   (You found it on level 3 of the Dungeon)

   Str:       It affects your strength (+4).
   rF:        It protects you from fire.
   Fly:       It grants you flight.
 Y - a +1 war axe (weapon)
Armour
 c - a +0 buckler (worn)
 g - a +1 helmet (worn)
 k - a +0 plate armour (worn)
 l - a +0 pair of boots (worn)
 m - a +0 pair of gloves (worn)
Jewellery
 b - a +5 ring of evasion (right hand)
 f - a ring of protection from cold
 o - a ring of see invisible (left hand)
Scrolls
 i - a scroll of vulnerability {unknown}
 n - a scroll of teleportation {unknown}
 p - a scroll of identify
Potions
 d - a potion of might
 e - a potion of cancellation {unknown}
 h - a potion of heal wounds
 j - a potion of mutation {unknown}
 q - a potion of magic {unknown}
 s - a potion of curing {unknown}

Dungeon Overview and Level Annotations

Branches:
Dungeon (3/15)

Altars:

Annotations:
D:3 Ijyb


Message History

Enter note:
Enter note:
Enter note:
Enter note:
Enter note:
Enter note:
Enter note:
Enter note:
Enter note:
Enter note:
Enter note:
Enter note:
Enter note:
Enter note:
Enter note:
Enter note: Ijyb hits you but does no damage.
Enter note:
Enter note:
Enter note:
Enter note:
Enter note:
Enter note:
Enter note:
Enter note:
Enter note: You closely miss Ijyb.
Ijyb closely misses you.
You closely miss Ijyb.
Ijyb zaps a wand.
The bolt of acid hits you! The acid corrodes you!
You hear a shout!
You closely miss Ijyb. Ijyb hits you but does no damage.
You miss Ijyb.
A kobold comes into view. It is wielding a +0 short sword.
Ijyb hits you but does no damage.
Ijyb zaps a wand.
The bolt of acid hits you.
You barely miss Ijyb.
Ijyb zaps a wand.
The bolt of acid hits you!!
Ouch! That really hurt!
You die...

#......# ####.### #.#
################.###
..... ...##....... #..#
#.##.##....
#.#####K.#####.......##.
...............#####....
#g@....##'# #+##.
..........###..# ##
.##..#...## #..# #. #.
#.#.+ #..# #. # #.#.#
#..# #. ..#.. #..# ##
###... #### ####. ....
#+##.... ........


You could see Ijyb and a kobold.

Vanquished Creatures
  Terence (D:3)
  Robin (D:2)
  6 adders
  2 dart slugs (D:3)
  5 endoplasms
  2 giant cockroaches (D:1)
  12 goblins
  9 hobgoblins
  8 jackals
  4 quokkas
  3 ball pythons (D:1)
  6 bats
  3 frilled lizards (D:1)
  10 kobolds
  8 rats
80 creatures vanquished.

Notes
Turn   | Place    | Note
-------+----------+-------------------------------------------
     0 | D:1      | qw the Gargoyle Fighter began the quest for the Orb.
     0 | D:1      | Reached XP level 1. HP: 14/14 MP: 1/1
     0 | D:1      | 0 ||| qw: Version: 0.2-a-103-g5a998e5
     0 | D:1      | 0 ||| qw: Game counter: 1071
     0 | D:1      | 0 ||| qw: Always use a shield: true
     0 | D:1      | 0 ||| qw: God list: Okawaru
     0 | D:1      | 0 ||| qw: Allow faded altars: false
     0 | D:1      | 0 ||| qw: Do Orc after D:15 true
     0 | D:1      | 0 ||| qw: Do second Lair branch before Depths: true
     0 | D:1      | 0 ||| qw: Lair rune preference: random
     0 | D:1      | 0 ||| qw: Plans: Normal, Zot:1-4, Slime:5, God:TSO, Crypt,
                  | Tomb, Pan, Hells, Abyss, Win
     0 | D:1      | 0 ||| PLANNING D:1-11
    27 | D:1      | Reached skill level 2 in Axes
   189 | D:1      | Reached XP level 2. HP: 19/19 MP: 2/2
   218 | D:1      | 218 ||| Stepping ~*~*~tactically~*~*~ (stealth).
   315 | D:1      | Reached skill level 3 in Axes
   377 | D:1      | Reached XP level 3. HP: 23/23 MP: 3/3
   383 | D:1      | 383 ||| DROPPING +0 club.
   406 | D:1      | 406 ||| Stepping ~*~*~tactically~*~*~ (stealth).
   559 | D:1      | 559 ||| UPGRADING to +0 plate armour.
   569 | D:1      | 569 ||| DROPPING +0 scale mail.
   570 | D:1      | 570 ||| UPGRADING to +0 pair of boots.
   575 | D:1      | 575 ||| UPGRADING to +0 pair of gloves.
   580 | D:1      | 580 ||| DROPPING ring of wizardry.
   581 | D:1      | 581 ||| READING scroll labelled LIJUNA BOGU.
   582 | D:1      | 582 ||| READING scroll labelled RUOFREL UCSY.
   583 | D:1      | 583 ||| READING scroll labelled WOROIXKIENO.
   769 | D:2      | 769 ||| Stepping ~*~*~tactically~*~*~ (stealth).
   778 | D:2      | 778 ||| Stepping ~*~*~tactically~*~*~ (stealth).
   780 | D:2      | 780 ||| Stepping ~*~*~tactically~*~*~ (hiding).
   795 | D:2      | Reached XP level 4. HP: 23/28 MP: 4/4
   800 | D:2      | Noticed Robin
   811 | D:2      | Killed Robin
   812 | D:2      | Reached skill level 4 in Axes
   986 | D:2      | 986 ||| Stepping ~*~*~tactically~*~*~ (stealth).
   990 | D:2      | 990 ||| Stepping ~*~*~tactically~*~*~ (stealth).
   991 | D:2      | 991 ||| Stepping ~*~*~tactically~*~*~ (stealth).
   994 | D:2      | 994 ||| Stepping ~*~*~tactically~*~*~ (stealth).
   995 | D:2      | 995 ||| Stepping ~*~*~tactically~*~*~ (stealth).
  1116 | D:2      | 1116 ||| Stepping ~*~*~tactically~*~*~ (stealth).
  1186 | D:2      | Found a faded altar of an unknown god.
  1405 | D:2      | 1405 ||| UPGRADING to +1 helmet.
  1410 | D:2      | 1410 ||| UPGRADING to ring of protection from cold.
  1411 | D:2      | 1411 ||| UPGRADING to +5 ring of evasion.
  1412 | D:2      | 1412 ||| UPGRADING to ring of see invisible.
  1414 | D:2      | 1414 ||| READING scroll labelled OSIT UDEURPHORI.
  1415 | D:2      | 1415 ||| READING scroll labelled VOHAFF JOZUDGH.
  1416 | D:2      | 1416 ||| READING scroll labelled DIODWU ANEACWYCEDGH.
  1417 | D:2      | 1417 ||| READING scroll labelled SEIMOXO BYDE.
  1418 | D:2      | 1418 ||| READING scroll labelled WOQIOGI YDARRU.
  1419 | D:2      | 1419 ||| DRINKING 2 fizzy green potions.
  1534 | D:3      | Identified the +4 flail of Parts Unknown {freeze, Fly rF+
                  | Str+4}
  1536 | D:3      | 1536 ||| DROPPING +0 whip.
  1587 | D:3      | Reached XP level 5. HP: 27/32 MP: 5/5
  1739 | D:3      | Noticed Terence
  1745 | D:3      | Killed Terence
  1764 | D:3      | Reached skill level 5 in Axes
  1918 | D:3      | 1918 ||| Stepping ~*~*~tactically~*~*~ (hiding).
  2040 | D:3      | Noticed Ijyb
  2048 | D:3      | Killed from afar by Ijyb

Levels and vault maps discovered:
D:1:      ncdulo_lavacross, layout_basic, minmay_close_crescents
D:2:      layout_loops_ring, nicolae_ecumenical_lake_church, uniq_robin
D:3:      layout_loops_cross, minmay_divided_ellipse, uniq_terence, uniq_ijyb

Skill      XL: |  1  2  3  4  5 |
---------------+----------------+-----
Axes           | 2 3 4 5 |  5.0
Fighting       | |  3.5
Armour         | |  3.2
Shields        | |  3.2

Action                     |  1- 3 |  4- 6 || total
---------------------------+-------+-------++-------
  Melee: War axe           |    91 |   114 ||   205
    Use: Scroll            |     3 |     5 ||     8
         Potion            |       |     1 ||     1
 Armour: Scale mail        |    35 |       ||    35
         Plate armour      |    14 |    77 ||    91
  Dodge: Dodged            |    35 |    36 ||    71
  Block: Buckler           |    21 |    18 ||    39

Table legend:
 A = Non-vault XP
 B = Vault XP
 C = Vault XP percentage of total XP
 D = Non-vault monster count
 E = Vault monster count
 F = Vault count percentage of total count
                 A         B        C        D         E       F
            +---------+---------+-------+---------+---------+-------
      Total |     166 |      91 |  35.4 |      57 |      23 |  28.8
            +---------+---------+-------+---------+---------+-------
        D:1 |      44 |       8 |  15.4 |      28 |       5 |  15.2
        D:2 |      56 |      39 |  41.1 |      20 |      13 |  39.4
        D:3 |      66 |      44 |  40.0 |       9 |       5 |  35.7
            +---------+---------+-------+---------+---------+-------
